Map: Eastwatch LE

Players

Solar - Winner!

  • Race: Zerg Zerg
  • League: Master
  • Spawn Location: 7:00

Elazer

  • Race: Zerg Zerg
  • Spawn Location: 1:00

Event: Memes & Dreams Invitational

VOD

Have the link to the VOD?

Description

Time

  • Played on: April 15, 2018, 4:01 a.m.
  • Length: 5:39

All games in this series

Show
View Real Time Build Order
Export as new Build Order

Solar Zerg - Winner!

Build Orders: Pool First, Zergling Baneling 

Get SALT Encoding   

  12  0:01  Drone  
  13  0:13  Overlord  
  13  0:17  Drone  
  14  0:31  Drone  
  14  0:32  Drone  
  14  0:35  Drone  
  17  0:45  Extractor  
  17  0:46  Drone  
  17  0:50  Spawning Pool  
  16  0:57  Drone  
  17  1:08  Drone  
  18  1:18  Hatchery  
  18  1:22  Drone  
  18  1:29  Drone  
  19  1:36  Queen  
  21  1:40  Zergling x2  
  22  1:47  Metabolic Boost  
  22  1:54  Overlord  
  22  2:05  Baneling Nest  
  22  2:07  Drone  
  22  2:13  Queen  
  24  2:17  Drone  
  25  2:23  Zergling x2  
  26  2:32  Zergling x2  
  26  2:34  Spine Crawler  
  26  2:35  Zergling x2  
  27  2:42  Zergling x2  
  28  2:44  Zergling x2  
  28  2:45  Zergling x4  
  28  2:49  Baneling x2  
  32  2:52  Zergling x4  
  34  2:58  Overlord  
  34  3:03  Zergling x2  
  35  3:09  Drone  
  36  3:18  Drone  
  36  3:21  Zergling x2  
  36  3:25  Zergling x2  
  36  3:26  Baneling, Zergling x2  
  36  3:27  Zergling x6  
  39  3:28  Zergling x2  
  39  3:32  Zergling x2  
  43  3:36  Overlord  
  43  3:39  Zergling x2  
  43  3:44  Baneling x2  
  43  3:45  Zergling x2  
  43  3:50  Drone  
  43  3:55  Drone, Zergling x2  
  44  4:00  Zergling x2  
  44  4:02  Drone  
  44  4:03  Drone  
  44  4:04  Baneling  
  44  4:06  Zergling x2  
  44  4:09  Baneling, Zergling x2  
  47  4:13  Zergling x2  
  47  4:15  Zergling x2  
  46  4:20  Zergling x2  
  46  4:24  Zergling x2  
  47  4:25  Zergling x2  
  43  4:33  Zergling x2  
  43  4:35  Zergling x2  
  43  4:37  Zergling x2  
  43  4:38  Zergling x6  
  46  4:40  Zergling x2  
  46  4:42  Baneling x2  
  46  4:43  Zergling x2  
  48  4:46  Baneling  
  48  4:47  Zergling x2  
  48  4:52  Zergling x2  
  50  4:59  Zergling x4  
  50  5:05  Zergling x2  
  46  5:07  Baneling x2  
  46  5:08  Zergling x4  
  46  5:09  Zergling x4  
  46  5:10  Zergling x2  
  46  5:12  Zergling x2  
  51  5:17  Overlord  
Show
View Real Time Build Order
Export as new Build Order

Elazer Zerg 

Build Orders: Pool First, Zergling Baneling 

Get SALT Encoding   

  12  0:00  Drone  
  13  0:12  Overlord  
  13  0:16  Drone  
  14  0:30  Drone  
  14  0:31  Drone  
  14  0:34  Drone  
  17  0:45  Extractor, Drone  
  17  0:49  Spawning Pool  
  16  0:55  Drone  
  17  1:06  Drone  
  18  1:18  Hatchery  
  17  1:22  Drone  
  18  1:36  Queen  
  18  1:37  Zergling x2  
  21  1:40  Zergling x2  
  21  1:46  Metabolic Boost  
  22  1:53  Overlord  
  22  2:11  Baneling Nest  
  22  2:15  Queen  
  23  2:17  Zergling x4  
  26  2:30  Drone  
  26  2:32  Zergling x4  
  28  2:40  Drone  
  29  2:46  Zergling x4  
  29  2:47  Zergling x4  
  33  2:54  Baneling x3  
  33  2:58  Baneling  
  33  2:59  Drone  
  33  3:00  Overlord  
  34  3:10  Drone  
  35  3:18  Zergling x2  
  32  3:22  Zergling x4  
  32  3:27  Zergling x4  
  31  3:30  Zergling x4  
  30  3:35  Zergling x4  
  31  3:41  Queen  
  31  3:49  Zergling x4  
  29  4:03  Zergling x2  
  29  4:04  Zergling x2  
  29  4:06  Queen  
  33  4:10  Baneling x2  
  33  4:15  Zergling x4  
  32  4:19  Zergling x2  
  32  4:23  Zergling x2  
  33  4:28  Zergling x2  
  33  4:29  Zergling x2  
  29  4:33  Zergling x2  
  28  4:38  Drone x2  
  28  4:40  Baneling  
  28  4:45  Drone  
  31  4:47  Baneling  
  31  4:49  Drone  
  31  4:52  Drone  
  33  4:59  Drone  
  34  5:00  Drone  
  30  5:08  Baneling x2  
  30  5:12  Zergling x4  
  31  5:19  Zergling x6  
Tags
 
Add a new tag
Caveats
  • Supply blocks, unpowered buildings, or Contaminate may cause inaccurate times.
  • Supply counts are checked every 10 seconds.